 Dungeon Crawl Stone Soup version 0.25.0-9-g26727b657a (webtiles) character file.

Game seed: 12531934646886226894

26222 mopl the Martial Artist (level 13, -3/78 HPs)
             Began as a Kobold Transmuter on June 16, 2020.
             Was a Priest of Uskayaw.
             Slain by a crocodile (9 damage)
             ... on level 2 of the Lair of Beasts.
             The game lasted 00:36:07 (14533 turns).

mopl the Martial Artist (Kobold Transmuter)        Turns: 14533, Time: 00:36:08

Health: -3/78      AC: 11    Str: 11    XL:     13   Next: 56%
Magic:  17/22      EV: 22    Int: 14    God:    Uskayaw [***...]
Gold:   391        SH:  0    Dex: 23    Spells: 10/24 levels left

rFire    + . .     SeeInvis .     - Unarmed
rCold    + . .     Gourm    .   (shield currently unavailable)
rNeg     . . .     Faith    +   B - +1 troll leather armour {Purgy}
rPois    .         Spirit   .   v - +0 helmet
rElec    .         Reflect  .   M - scarf {rC+ rF+}
rCorr    .         Harm     .   (gloves currently unavailable)
MR       .....                  D - +0 pair of boots
Stlth    ++........             I - amulet of faith
HPRegen  0.63/turn              q - +4 ring of protection
MPRegen  0.18/turn              Z - +6 ring of dexterity

@: lethally poisoned (-3 -> -5), blade hands (expiring)
A: small, carnivore
a: End Transformation, Stomp, Line Pass, Renounce Religion


You were on level 2 of the Lair of Beasts.
You worshipped Uskayaw.
Uskayaw was noncommittal.
You were very full.
You had blades for hands.
You visited 3 branches of the dungeon, and saw 16 of its levels.
You also visited: Sewer and Bailey.

You collected 994 gold pieces.
You spent 603 gold pieces at shops.

Inventory:

Hand Weapons
 b - a +0 hunting sling
 P - a +2 hand axe of flaming
Missiles
 a - 145 arrows
 g - 240 stones
 h - a throwing net
 C - 30 sling bullets
 S - 19 boomerangs
 U - 14 poisoned darts (quivered)
Armour
 v - a +0 helmet (worn)
 B - a +1 troll leather armour (worn) {Purgy}
 D - a +0 pair of boots (worn)
 M - a scarf of resistance (worn)
 O - a +0 pair of gloves (melded)
 Q - a +0 buckler
Jewellery
 q - a +4 ring of protection (left scythe-like blade)
 I - an amulet of faith (around neck)
 L - an uncursed ring of flight
 Z - a +6 ring of dexterity (right scythe-like blade)
Wands
 i - a wand of iceblast (11)
 j - a wand of paralysis (8)
 o - a wand of digging (6)
 r - a wand of flame (15)
 N - a wand of clouds (5)
 T - a wand of polymorph (14)
Scrolls
 e - 6 scrolls of teleportation
 f - 2 scrolls of fog
 m - 8 scrolls of remove curse
 x - 3 scrolls of fear
 y - a scroll of blinking
 E - a scroll of magic mapping
 F - 4 scrolls of identify
 G - a scroll of vulnerability
 H - 4 scrolls of immolation
 K - a scroll of silence
Potions
 k - 2 potions of curing
 l - 3 potions of stabbing
 n - 3 potions of brilliance
 p - 6 potions of cancellation
 s - a potion of might
 t - a potion of ambrosia
 u - 4 potions of lignification
 w - 2 potions of flight
 z - 4 potions of heal wounds
 A - a potion of magic
 J - a potion of berserk rage
Miscellaneous
 c - a phial of floods
Comestibles
 d - 32 rations


   Skills:
 + Level 7.7 Fighting
 + Level 5.5 Throwing
 + Level 8.9 Dodging
 + Level 2.3 Shields
 * Level 12.5 Unarmed Combat
 - Level 6.0 Spellcasting
 + Level 9.1 Transmutations
 - Level 4.0 Ice Magic
 - Level 1.0 Poison Magic
 + Level 7.7 Invocations
 - Level 6.0 Evocations


You had 10 spell levels left.
You knew the following spells:

 Your Spells              Type           Power        Failure   Level  Hunger
b - Spider Form           Tmut/Pois      ###.......   41%         3    ###....
c - Blade Hands           Tmut           ####......   54%         5    ######.
d - Ice Form              Ice/Tmut       ###.....     54%         4    ####...
w - Sticks to Snakes      Tmut           ####....     13%         2    #......

Your spell library contained the following spells:

 Spells                   Type           Power        Failure   Level  Hunger
 Beastly Appendage        Tmut           ####..       12%         1    None
 Corona                   Hex            #......      63%         1    None
 Slow                     Hex            #.......     73%         2    #......
 Inner Flame              Hex/Fire       #.......     88%         3    ###....
 Portal Projectile        Hex/Tloc       #.....       88%         3    ###....
 Cause Fear               Hex            #.........   99%         4    ####...
 Leda's Liquefaction      Hex/Erth       #.........   99%         4    ####...
 Bolt of Magma            Conj/Fire/Erth #.........   100%        5    ######.
 Iron Shot                Conj/Erth      #.........   100%        6    #######
 Statue Form              Tmut/Erth      ###......    100%        6    #######
 Shatter                  Erth           #.........   100%        9    #######


Dungeon Overview and Level Annotations

Branches:
Dungeon (13/15)            Temple (1/1) D:6            Lair (2/6) D:11
    Orc (0/2) D:10          Sewer (visited)          Bailey (visited)
  Swamp: Lair:2-4    Shoals: Lair:2-4     Snake: Lair:2-4    Spider: Lair:2-4
 Vaults: D:13-14

Altars:
Cheibriados
Dithmenos
Elyvilon
Fedhas
Gozag
Hepliaklqana
Kikubaaqudgha
Makhleb
Nemelex Xobeh
Ru
Trog
Uskayaw
Vehumet
Wu Jian
Xom
The Shining One

Shops:
D:7 *?!:   D:9 :   D:11 [

Annotations:
D:9 2 transporters, Oto Noa's ghost, novice MiBe


Innate Abilities, Weirdness & Mutations

You are small and have problems with some larger weapons.
You are carnivorous and can eat meat at any time.


Message History

a jumping spider corpse; a redback corpse x3
A crocodile is nearby!
A crocodile is nearby!
You feel sick.
You feel sick.
You feel sick.
You feel sick.
You can no longer merge with and destroy a victim.
You feel sick.
You feel sick.
You hit the crocodile.
The crocodile is lightly wounded.
The crocodile closely misses you.
You barely miss the crocodile.
The crocodile is lightly wounded.
You feel sick. The crocodile barely misses you.
You slice the crocodile!!
The crocodile is almost dead.
You feel sick. The crocodile bites you!
You die...

### ####.# #
#####..#.########
##................
#P................
##@................
#.#t.......>.......
###................
#.....##+#...##.#
#.....P.........#
#.....P.......P..
#................
#..............#.#
##...............#


You could see a crocodile.

Vanquished Creatures
  Josephine (D:11)
  A hydra (D:11)
  A two-headed ogre (D:9)
  6 death yaks (D:11)
  Urug (Lair:1)
  2 unseen horrors
  Pikel (D:8)
  2 ugly things
  2 cyclopes
  A moth of wrath (Bailey)
  A manticore (D:13)
  2 spiny frogs
  A komodo dragon (Lair:2)
  A polar bear (Lair:2)
  A jumping spider (Lair:2)
  Grinder (D:5)
  3 trolls
  4 slime creatures
  2 dream sheep (D:11)
  A hippogriff (D:12)
  Sigmund (D:3)
  4 redbacks (Lair:2)
  5 wraiths (D:11)
  18 yaks
  A wyvern (D:8)
  2 basilisks
  2 hungry ghosts
  A warg (D:10)
  3 water moccasins
  An acid dragon (D:11)
  2 porcupines (Lair:1)
  2 ice beasts
  9 orc warriors
  Purgy (Sewer)
  A necrophage (D:9)
  4 phantoms
  3 black bears
  4 centaurs
  3 sky beasts
  8 ogres
  5 wolves (Lair:2)
  3 crocodiles
  5 big kobolds
  3 bullfrogs
  A scorpion (D:5)
  21 killer bees
  4 howler monkeys
  7 crimson imps
  3 jellies
  3 bullfrog zombies
  6 hounds
  6 bullfrog skeletons
  10 orc priests
  8 orc wizards
  2 centaur skeletons (D:4)
  Jessica (D:3)
  Terence (D:2)
  Natasha (thrice) (D:4)
  An iguana (D:4)
  2 worker ants
  A killer bee zombie (D:9)
  A hound zombie (D:8)
  2 hound skeletons
  2 gnolls (D:2)
  A worker ant zombie (D:8)
  14 adders
  A howler monkey skeleton (D:4)
  A shadow imp (D:10)
  2 oozes
  An adder zombie (D:5)
  3 adder skeletons
  A worm (D:2)
  A dart slug (D:1)
  5 leopard geckos
  58 orcs
  A ball python (Sewer)
  4 giant cockroaches
  5 hobgoblins
  21 jackals
  15 kobolds
  3 quokkas
  4 bats
  10 frilled lizards
  12 goblins
  A leopard gecko skeleton (D:4)
  7 rats
382 creatures vanquished.

Vanquished Creatures (others)
  A fungus (Lair:2)
1 creature vanquished.

Grand Total: 383 creatures vanquished

Notes
Turn   | Place    | Note
-------+----------+-------------------------------------------
     0 | D:1      | mopl the Kobold Transmuter began the quest for the Orb.
     0 | D:1      | Reached XP level 1. HP: 12/12 MP: 3/3
   220 | D:1      | Reached XP level 2. HP: 7/16 MP: 3/5
   228 | D:1      | Learned a level 2 spell: Sticks to Snakes
   922 | D:1      | Reached XP level 3. HP: 9/20 MP: 4/6
  1688 | D:2      | Noticed a sky beast
  1695 | D:2      | HP: 1/20 [something (5)]
  2094 | D:2      | Noticed Terence
  2109 | D:2      | Killed Terence
  2109 | D:2      | Reached skill level 4 in Unarmed Combat
  2109 | D:2      | Reached XP level 4. HP: 9/25 MP: 1/8
  2347 | D:2      | Found a shimmering altar of Xom.
  2713 | D:2      | Reached XP level 5. HP: 21/29 MP: 7/9
  3349 | D:3      | Noticed a phantom
  3486 | D:3      | Reached XP level 6. HP: 26/34 MP: 9/11
  3597 | D:3      | Noticed Sigmund
  3770 | D:3      | Found a glowing drain.
  3777 | D:3      | Killed Sigmund
  3777 | D:3      | Reached skill level 5 in Unarmed Combat
  3777 | D:3      | Reached XP level 7. HP: 24/38 MP: 12/12
  3798 | Sewer    | Entered a sewer
  3908 | Sewer    | Learned a level 3 spell: Spider Form
  3990 | Sewer    | Noticed Purgy
  3996 | Sewer    | Killed Purgy
  4344 | D:3      | Found a sparkling altar of Nemelex Xobeh.
  4344 | D:3      | Noticed Jessica
  4349 | D:3      | Killed Jessica
  4349 | D:3      | Reached skill level 1 in Poison Magic
  4538 | D:3      | Reached skill level 6 in Unarmed Combat
  4632 | D:4      | Upgraded the game from 0.25.0-3-gd7cc5688da to
                  | 0.25.0-9-g26727b657a
  4679 | D:4      | Reached XP level 8. HP: 7/43 MP: 11/14
  4689 | D:4      | Found a shadowy altar of Dithmenos.
  5342 | D:4      | Reached skill level 7 in Unarmed Combat
  5384 | D:4      | Found an opulent altar of Gozag.
  5406 | D:4      | Noticed Natasha
  5419 | D:4      | Killed Natasha
  5577 | D:4      | Noticed Natasha
  5582 | D:4      | Killed Natasha
  5725 | D:4      | Noticed Natasha
  5729 | D:4      | Killed Natasha
  5729 | D:4      | Reached skill level 5 in Spellcasting
  5729 | D:4      | Reached skill level 5 in Transmutations
  5760 | D:5      | Entered Level 5 of the Dungeon
  5904 | D:5      | Noticed Grinder
  5904 | D:5      | Paralysed by Grinder for 7 turns
  5930 | D:5      | Killed Grinder
  6085 | D:5      | Reached XP level 9. HP: 47/47 MP: 17/17
  6220 | D:5      | Reached skill level 8 in Unarmed Combat
  6536 | D:6      | Found a staircase to the Ecumenical Temple.
  6568 | Temple   | Entered the Ecumenical Temple
  6597 | Temple   | Became a worshipper of Uskayaw the Reveler
  6604 | Temple   | Learned a level 5 spell: Blade Hands
  6609 | Temple   | Learned a level 4 spell: Ice Form
  6658 | D:6      | Reached * piety under Uskayaw
  6675 | D:6      | Reached ** piety under Uskayaw
  6701 | D:6      | Reached skill level 1 in Invocations
  6708 | D:6      | Reached skill level 1 in Ice Magic
  6730 | D:6      | Reached *** piety under Uskayaw
  6732 | D:6      | Reached **** piety under Uskayaw
  7102 | D:6      | Reached skill level 9 in Unarmed Combat
  7208 | D:6      | Reached XP level 10. HP: 53/56 MP: 18/18
  7410 | D:7      | Found Ithet's Magic Scroll Boutique.
  7414 | D:7      | Found Xiutuusyrch's General Store.
  7418 | D:7      | Bought a scroll of identify for 26 gold pieces
  7418 | D:7      | Bought a scroll of identify for 26 gold pieces
  7418 | D:7      | Bought a scroll of identify for 26 gold pieces
  7418 | D:7      | Bought a scroll of identify for 26 gold pieces
  7418 | D:7      | Bought a scroll of vulnerability for 97 gold pieces
  7418 | D:7      | Bought a scroll of immolation for 45 gold pieces
  7418 | D:7      | Bought a scroll of amnesia for 45 gold pieces
  7418 | D:7      | Bought 3 scrolls of identify for 78 gold pieces
  7424 | D:7      | Bought a scroll of identify for 24 gold pieces
  7533 | D:7      | Found Bytt's Distillery.
  7715 | D:7      | Reached skill level 5 in Dodging
  8032 | D:7      | Noticed a brown ugly thing
  8040 | D:7      | Killed a brown ugly thing
  8116 | D:7      | Found Liyvvyps's Book Shoppe.
  8342 | D:8      | Found a flagged portal.
  8405 | Bailey   | Entered a bailey
  8602 | Bailey   | Noticed an orc knight
  8602 | Bailey   | Noticed an orc knight
  8603 | Bailey   | Noticed a moth of wrath
  8603 | Bailey   | an orc knight changed into a moth of wrath
  8615 | Bailey   | Killed a moth of wrath
  8615 | Bailey   | Reached skill level 10 in Unarmed Combat
  8685 | Bailey   | Noticed a cyclops
  8685 | Bailey   | an orc knight changed into a cyclops
  8700 | Bailey   | Killed a cyclops
  8700 | Bailey   | Reached XP level 11. HP: 48/62 MP: 17/20
  9166 | D:8      | Reached skill level 5 in Fighting
  9295 | D:9      | Found a white marble altar of Elyvilon.
  9351 | D:9      | Noticed Pikel
  9372 | D:8      | Killed Pikel
  9372 | D:8      | Reached skill level 1 in Throwing
  9372 | D:8      | Reached skill level 5 in Invocations
  9372 | D:8      | Reached skill level 1 in Evocations
  9564 | D:9      | Noticed a white ugly thing
  9571 | D:9      | Killed a brown ugly thing
  9613 | D:9      | Noticed a two-headed ogre
  9615 | D:9      | Found Feerut's Book Boutique.
  9618 | D:9      | Killed a two-headed ogre
  9717 | D:9      | Found a transporter.
  9724 | D:9      | Found a transporter.
  9727 | D:9      | Noticed Oto Noa's ghost (novice MiBe)
 10064 | D:10     | Entered Level 10 of the Dungeon
 10075 | D:10     | Found a shadowy altar of Dithmenos.
 10440 | D:10     | Killed an unseen horror
 10440 | D:10     | Reached skill level 11 in Unarmed Combat
 10471 | D:10     | You fall into a shaft and drop 3 floors!
 10539 | D:13     | Noticed a manticore
 10559 | D:13     | Killed a manticore
 10617 | D:13     | Noticed a cyclops
 10631 | D:13     | Killed a cyclops
 10717 | D:12     | Reached XP level 12. HP: 34/69 MP: 21/21
 10853 | D:12     | Killed an unseen horror
 10875 | D:12     | Noticed a seven-headed hydra
 10883 | D:11     | Noticed Josephine
 10888 | D:11     | Noticed a death yak
 11001 | D:11     | Noticed a death yak
 11002 | D:11     | Noticed a death yak
 11002 | D:11     | Noticed a death yak
 11004 | D:11     | Noticed a death yak
 11288 | D:10     | Found a staircase to the Orcish Mines.
 11322 | D:10     | Noticed a two-headed ogre
 11330 | D:10     | Reached ***** piety under Uskayaw
 11813 | D:11     | Found Fesoma's Armour Boutique.
 11849 | D:11     | Killed Josephine
 12124 | D:11     | Noticed a three-headed hydra
 12132 | D:11     | Killed a one-headed hydra
 12336 | D:11     | Found a staircase to the Lair.
 12342 | D:11     | Noticed a death yak
 12352 | D:11     | Killed a death yak
 12352 | D:11     | Reached skill level 5 in Evocations
 12902 | D:11     | Killed a death yak
 12904 | D:11     | Killed a death yak
 12904 | D:11     | Reached skill level 12 in Unarmed Combat
 12904 | D:11     | Reached XP level 13. HP: 19/76 MP: 17/22
 12904 | D:11     | Reached skill level 1 in Shields
 12990 | D:11     | Reached skill level 5 in Throwing
 13162 | Lair:1   | Entered Level 1 of the Lair of Beasts
 13257 | D:7      | Bought a scroll of enchant weapon for 90 gold pieces
 13257 | D:7      | Bought a wand of paralysis (8) for 120 gold pieces
 13404 | Lair:1   | You fall into a shaft and drop 1 floor!
 13497 | Lair:1   | Reached ****** piety under Uskayaw
 13575 | Lair:1   | Noticed Urug
 13585 | Lair:1   | Killed Urug
 14533 | Lair:2   | Slain by a crocodile

Illustrated notes

Levels and vault maps discovered:
D:1:      shiori_shiawase, layout_basic
D:2:      layout_loops_corners, tgw_xom, uniq_terence
D:3:      layout_basic, gup_sewer_entry_bowl, first_ration,
          nemelex_lonely_heart_becter, uniq_sigmund, uniq_jessica
D:4:      cheibrodos_pilgrimage, layout_layer_cave, kennysheep_mini_moat,
          nicolae_gozag_seed_capital, uniq_natasha
D:5:      layout_loops_cross, uniq_grinder
D:6:      layout_gridville, temple_pool_b
D:7:      layout_basic, serial_shops, nicolae_shop_window_shopping, shop_statue,
          shop, shop
D:8:      layout_rooms, enter_bailey_2
D:9:      layout_basic, serial_shops, shop, gammafunk_ghost_hive, basic_altar,
          wad_mini_maze, uniq_pikel
D:10:     layout_loops_corners, david_orc_1_choice, grunt_dithmenos_shadows
D:11:     layout_loops_corners, dpeg_lair_monsters, serial_shops,
          nicolae_shop_window_shopping, hangedman_ranch
          [blue_anna_fruit_fields], st_stairs_14, minivault_22, uniq_josephine
D:12:     layout_layer_cave
D:13:     layout_roguey, minmay_crystal_room
Temple:   compressed_dpeg_circular_temple
Lair:1:   layout_big_grid, serial_rivers, chequers_serial_rivers_marsh,
          chequers_serial_rivers_micro_e, chequers_serial_rivers_micro_d,
          chequers_serial_rivers_micro_a, chequers_serial_rivers_small_a,
          serial_bayou_lagoon_a, nicolae_lair_grove_arrangements,
          serial_bayou_shore_b, serial_bayou_shore_b, grunt_megastairs_4,
          uniq_urug
Lair:2:   layout_chaotic_city, spider_nest_entry_funnel_web

Skill      XL: |  1  2  3  4  5  6  7  8  9 10 11 12 13 |
---------------+----------------------------------------+-----
Unarmed Combat | 4 5 6 7 9 10 11 12 | 12.5
Spellcasting   | 3 4 5 6 |  6.0
Transmutations | 3 4 5 6 7 8 9 |  9.1
Poison Magic   | 1 |  1.0
Invocations    | 2 4 5 7 |  7.7
Ice Magic      | 2 3 4 |  4.0
Dodging        | 4 5 7 8 |  8.9
Fighting       | 3 4 5 7 |  7.7
Throwing       | 2 4 5 |  5.5
Evocations     | 3 5 6 |  6.0
Shields        | 2 |  2.3

Action                   |  1- 3 |  4- 6 |  7- 9 | 10-12 | 13-15 || total
-------------------------+-------+-------+-------+-------+-------++-------
Melee: Unarmed           |   105 |   166 |   448 |   665 |   135 ||  1519
       Headbutt          |     7 |     5 |       |       |       ||    12
       Kick              |     6 |     6 |     3 |       |       ||    15
       Punch             |     2 |     2 |     9 |    16 |     9 ||    38
       Hand axe          |       |       |       |     6 |       ||     6
 Fire: Hunting sling     |       |       |       |    15 |       ||    15
Throw: Stone             |       |       |     3 |     3 |       ||     6
 Cast: Beastly Appendage |    12 |     7 |     3 |       |       ||    22
       Sticks to Snakes  |     3 |     1 |     4 |       |       ||     8
       Spider Form       |       |       |    14 |    12 |       ||    26
       Blade Hands       |       |       |       |    20 |     9 ||    29
       Ice Form          |       |       |       |     2 |       ||     2
Invok: Line Pass         |       |       |       |     1 |       ||     1
 Abil: Evoke Flight      |       |       |       |     2 |       ||     2
       End Transformatio |       |       |       |     2 |       ||     2
Evoke: Wand              |       |     5 |     6 |     6 |       ||    17
  Use: Scroll            |       |       |    13 |     3 |     9 ||    25
       Potion            |       |       |     2 |     2 |       ||     4
 Stab: Sleeping          |     2 |       |     4 |     4 |     1 ||    11
       Distracted        |       |       |     1 |     1 |       ||     2
       Paralysed         |       |       |     3 |    36 |    10 ||    49
  Eat: Chunk             |    12 |     6 |    13 |    27 |     9 ||    67
Armor: Robe              |    17 |    64 |     4 |       |       ||    85
       Troll leather arm |       |       |    75 |    99 |    21 ||   195
       Skin              |       |       |    16 |    17 |       ||    33
Dodge: Dodged            |    62 |   137 |   277 |   450 |   108 ||  1034
